 Dungeon Crawl Stone Soup version 0.32-a0-685-g93135e86f0 (webtiles) character file.

Game seed: 2969665761949823429

3 ceribaal the Sneak (level 1, 0/14 HPs)
             Began as an Octopode Brigand on Mar 13, 2024.
             Slain by a kobold
             ... wielding a +0 club
              (4 damage)
             ... on level 1 of the Dungeon.
             The game lasted 00:00:37 (46 turns).

ceribaal the Sneak (Octopode Brigand)                 Turns: 46, Time: 00:00:37

Health: 0/14       AC:  1    Str: 10    XL:     1   Next: 50%
Magic:  1/1        EV: 12    Int: 13    God:
Gold:   0          SH:  0    Dex: 13    Spells: 0/0 levels left

rFire   . . .        a - +2 dagger
rCold   . . .        (no shield)
rNeg    . . .        (helmet restricted)
rPois   .            (no amulet)
rElec   .            (no ring)
rCorr   .            (no ring)
SInv    .            (no ring)
Will    .....        (no ring)
Stlth   ++++         (no ring)
HPRegen 0.22/turn    (no ring)
MPRegen 0.07/turn    (no ring)
                     (no ring)

%: no passive effects
@: no status effects
A: almost no armour, amphibious, 8 rings, camouflage 1, gelatinous body 1,
(nimble swimmer 1), tentacles
a: no special abilities


You were on level 1 of the Dungeon.
You visited 1 branch of the dungeon, and saw 1 of its levels.

Inventory:

Hand Weapons
 a - a +2 dagger (weapon)
Missiles
 b - 9 poisoned darts (quivered)
 c - 3 curare-tipped darts


   Skills:
 + Level 2.0 Fighting
 + Level 2.0 Short Blades
 + Level 2.0 Throwing
 + Level 1.1 Dodging
 + Level 5.3 Stealth


You couldn't memorise any spells.
You didn't know any spells.
Your spell library was empty.

Dungeon Overview and Level Annotations

Branches:
Dungeon (1/15)

Altars:


Innate Abilities, Weirdness & Mutations

You cannot wear most types of armour.
You are amphibious.
You can wear up to eight rings at the same time.
Your skin changes colour to match your surroundings (Stealth+).
Your rubbery body absorbs attacks. (AC +1, EV +1)
((You are camouflaged when in or above water. (Stealth+)))
You have tentacles for arms and can constrict up to eight enemies at once.


Message History

Ran out of altars for temple! x3
Welcome, ceribaal the Octopode Brigand.
Will you be the one to retrieve the incredible Orb of Zot from the depths?
Press ? for a list of commands and other information.
Found a staircase leading out of the dungeon.
You open the door.
There is an open door here.
A giant cockroach comes into view.
Found a bone ring.
A giant cockroach is nearby!
Found a book of Spatial Translocations.
A frilled lizard comes into view.
A kobold, a jackal and a ball python come into view.
Found 12 gold pieces.
The helpless giant cockroach fails to defend itself.
You puncture the giant cockroach!
You kill the giant cockroach!
The kobold shouts!
You hear a bark!
The jackal barks!
The frilled lizard hisses angrily.
A jackal comes into view.
The jackal barks!
The frilled lizard bites you but does no damage.
You hit the frilled lizard.
You kill the frilled lizard!
You closely miss the jackal. You grab the jackal. You squeeze the jackal.
You kill the jackal!
You hit the kobold. Your grab misses the kobold.
The kobold is moderately wounded.
The kobold hits you with a +0 club. The jackal closely misses you.
You barely miss the kobold. Your grab misses the kobold.
The kobold is moderately wounded.
The kobold hits you with a +0 club. The jackal bites you.
* * * LOW HITPOINT WARNING * * *
You are too injured to fight recklessly!
You are too injured to fight recklessly!
You hit the jackal but do no damage. You grab the jackal.
You constrict the jackal. The jackal barely misses you.
The kobold hits you with a +0 club.
You die...

##########
.........##########
.S.:.=............#
.........#..#####.#
............# #.#
.........#.## #.#
...........# #.#
.......@.###
#.###### ......†hK#
#......#
...........
#.####.#
#....###.....
#.####.. #.###
#...$...##..§§§.. #
#.......#...§§§..
#.......###+#§#+#
........ #§.§..#
#..§..#


You could see a jackal, a ball python (asleep) and a kobold.

Vanquished Creatures
  A giant cockroach (D:1)
  A jackal (D:1)
  A frilled lizard (D:1)
3 creatures vanquished.

Notes
Turn   | Place    | Note
-------+----------+-------------------------------------------
     0 | D:1      | ceribaal the Octopode Brigand began the quest for the Orb.
     0 | D:1      | Reached XP level 1. HP: 14/14 MP: 1/1
    46 | D:1      | Slain by a kobold

Illustrated notes

Levels and vault maps discovered:
D:1:      roadster_arrival_rocket_small, layout_loops_cross, bh_walls_and_bars

Action                     || total
---------------------------++-------
  Melee: Dagger            ||     6
         Constrict         ||     2
         Tentacles         ||     1
   Stab: Sleeping          ||     1
 Armour: Skin              ||     5
  Dodge: Dodged            ||     2

Table legend: (Time is in decaauts)
 A = Elapsed time spent in this place.
 B = Non-inter-level travel time spent in this place.
 C = Inter-level travel time spent in this place.
 D = Time resting spent in this place.
 E = Time spent auto-exploring this place.
 F = Levels seen in this place.
 G = Mean time per level.
                   A        B        C        D        E       F      G
               +--------+--------+--------+--------+--------+-----+--------+
         Total |     45 |     45 |      0 |      0 |     34 |   1 |   45.0 |
       Dungeon |     45 |     45 |      0 |      0 |     34 |   1 |   45.0 |
               +--------+--------+--------+--------+--------+-----+--------+

Top non-repeatable levels by time:
     D:1: 45 daAuts
